 Dungeon Crawl Stone Soup version 0.30-a0-782-ge64f9170bb (webtiles) character file.

Game seed: 11210627424607554121

3441 theswoord the Skirmisher (level 9, -1/61 HPs)
             Began as a Demonspawn Hunter on Feb 23, 2023.
             Succumbed to a killer bee's poison
             ... on level 8 of the Dungeon.
             The game lasted 00:12:11 (7375 turns).

theswoord the Skirmisher (Demonspawn Hunter)        Turns: 7375, Time: 00:12:11

Health: -1/61      AC: 15    Str: 13 (16) XL:     9   Next: 77%
Magic:  0/18       EV:  9    Int: 10 (11) God:
Gold:   380        SH:  0    Dex: 15 (16) Spells: 8/8 levels left

rFire   + . .      SeeInvis +    a - +1 shortbow
rCold   + . .      Faith    .    (shield currently unavailable)
rNeg    . . .      Spirit   +    m - +0 scale mail
rPois   .          Reflect  .    (helmet restricted)
rElec   .          Harm     .    e - scarf {rC+ rF+}
rCorr   .          Rampage  .    (no gloves)
Will    .....                    (no boots) Stlth
                                 h - amulet of guardian spirit
HPRegen 0.30/turn                l - ring of see invisible
MPRegen 0.32/turn                q - ring of magical power

@: mighty, lethally poisoned (-1 -> -15), sanguine armoured, invisible
A: horns 1, magic regeneration, sanguine armour 2, mutation resistance 1
a: no special abilities


You were on level 8 of the Dungeon.
You visited 1 branch of the dungeon, and saw 8 of its levels.
You also visited: Sewer.

You collected 380 gold pieces.

Inventory:

Hand Weapons
 a - a +1 shortbow (weapon)
 k - the +8 rapier "Widowermaker" {flame, Int+5}
   (You took it off a hobgoblin on level 3 of the Dungeon)

   Int:       It affects your intelligence (+5).
Armour
 c - a +0 leather armour
 e - a scarf of resistance (worn)
 g - a +1 cloak
 m - a +0 scale mail (worn)
 s - a +0 helmet
Jewellery
 d - an amulet of the acrobat
 h - an amulet of guardian spirit (around neck)
 j - a ring of positive energy
 l - a ring of see invisible (left hand)
 q - a ring of magical power (right hand)
 t - a ring of ice
Wands
 p - a wand of iceblast (6)
 x - a wand of mindburst (11)
 B - a wand of acid (17)
Scrolls
 b - 3 scrolls of immolation
 f - a scroll of silence {unknown}
 v - a scroll of enchant armour
 w - 2 scrolls of butterflies
 y - a scroll of enchant weapon
 C - 2 scrolls of identify
 D - a scroll of vulnerability {unknown}
Potions
 i - 2 potions of mutation
 o - 3 potions of attraction
 u - 3 potions of flight
 A - 2 potions of might


   Skills:
 - Level 2.0 Fighting
 + Level 13.2 Ranged Weapons
 - Level 1.7 Dodging
 - Level 0.8 Stealth


You had 8 spell levels left.
You didn't know any spells.
Your spell library contained the following spells:

 Spells                   Type           Power      Damage    Failure   Level
 Apportation              Tloc           0%         N/A       88%         1
 Scorch                   Fire           0%         2d5       96%         2
 Ignite Poison            Fire/Tmut/Pois 0%         N/A       99%         3
 Kindle Blastsparks       Fire/Tloc/Air  0%         2d10      99%         3
 Flame Wave               Conj/Fire      0%         2d4       100%        4
 Alistair's Intoxication  Tmut/Pois      0%         N/A       100%        5
 Freezing Cloud           Conj/Ice/Air   0%         6-21      100%        5
 Summon Cactus Giant      Summ           0%         N/A       100%        6


Dungeon Overview and Level Annotations

Branches:
Dungeon (8/15)             Temple (0/1) D:4           Sewer (visited)
   Lair: D:8-11

Altars:
Cheibriados
Fedhas
Gozag
Makhleb
Nemelex Xobeh
Trog
Wu Jian
Xom

Shops:
D:3 (   D:4 ?   D:5 !   D:8 *

Annotations:
D:6 1 runed translucent door, triviadave's ghost, novice HOBe
D:7 1 transporter, tilp's ghost, novice MeFi


Innate Abilities, Weirdness & Mutations

You have a pair of small horns on your head.
You regenerate magic rapidly.
When seriously injured, your blood forms thick armour. (AC +9)
You are somewhat resistant to further mutation.


Message History

The killer bee barely misses you.
The killer bee stings you but does no damage.
You feel very sick. The killer bee closely misses you.
You shoot an arrow. The arrow misses the killer bee.
The arrow hits the killer bee but does no damage.
You feel sick.
The killer bee stings you but does no damage.
The killer bee stings you.
You are more poisoned.
The killer bee poisons you!
You shoot an arrow. The arrow misses the killer bee. x2
* * * LOW HITPOINT WARNING * * *
You feel very sick.
The killer bee stings you but does no damage.
The killer bee stings you.
* * * LOW HITPOINT WARNING * * *
You shoot an arrow.
The arrow closely misses the killer bee.
The arrow misses the killer bee.
* * * LOW HITPOINT WARNING * * *
You feel sick. The killer bee stings you.
* * * LOW HITPOINT WARNING * * *
The killer bee stings you.
* * * LOW HITPOINT WARNING * * *
It was a potion of invisibility.
You fade into invisibility!
* * * LOW HITPOINT WARNING * * *
You feel sick.
The killer bee stings you but does no damage. x2
It was a potion of degeneration.
There was something very wrong with that liquid.
You feel weakened.
You feel dopey.
You feel clumsy.
* * * LOW HITPOINT WARNING * * *
You feel sick. The killer bee barely misses you. The killer bee stings you.
You are more poisoned.
The killer bee poisons you!
It was a potion of might.
You feel very mighty all of a sudden.
You die...

### #.. #.# ###### ##
#.# #....## #. #.#
#.....####.
##.###########..........
#....yy@................
##..##########.########.
#......# ####.### #.
#.####.###.#...### #.
..# .......∩...# #. #.##
.#####...#.# #.. #. ...#
##.##<# #.# #.
#...##...## #.# #.
#.....######.#


You could see 2 killer bees.

Vanquished Creatures
  A two-headed ogre (D:8)
  A hornet (D:6)
  A yak (D:8)
  A water moccasin (Sewer)
  An orc warrior (D:6)
  An ice beast (D:6)
  2 ogres
  2 centaurs
  2 phantoms (D:6)
  A kobold brigand (D:5)
  6 bullfrogs
  A gnoll sergeant (D:8)
  2 necrophages
  A scorpion (D:7)
  A wight (D:8)
  5 killer bees (D:8)
  3 howler monkeys
  A crimson imp (D:4)
  3 hounds
  2 orc priests
  A jelly (D:7)
  A gnoll bouda (D:5)
  2 iguanas
  2 orc wizards (D:6)
  Terence (D:2)
  3 adders
  11 gnolls
  2 shadow imps (D:6)
  4 white imps
  An ufetubus (D:4)
  3 worms (D:3)
  2 dart slugs
  30 orcs
  7 bats
  9 endoplasms
  3 giant cockroaches
  9 hobgoblins
  3 quokkas
  5 ball pythons
  4 frilled lizards
  8 goblins
  13 kobolds
  7 rats
169 creatures vanquished.

Notes
Turn   | Place    | Note
-------+----------+-------------------------------------------
     0 | D:1      | theswoord the Demonspawn Hunter began the quest for the
                  | Orb.
     0 | D:1      | Reached XP level 1. HP: 16/16 MP: 1/1
    89 | D:1      | Reached skill level 4 in Ranged Weapons
   105 | D:1      | Gained mutation: You regenerate magic rapidly. [demonic
                  | ancestry]
   105 | D:1      | Reached XP level 2. HP: 22/22 MP: 2/2
   234 | D:1      | Found a faded altar of an unknown god.
   842 | D:2      | Reached XP level 3. HP: 27/27 MP: 3/3
   917 | D:2      | Found a blossoming altar of Fedhas.
  1378 | D:2      | Noticed Terence
  1395 | D:2      | Gained mutation: You are somewhat resistant to further
                  | mutation. [potion of mutation]
  1403 | D:2      | Killed Terence
  1404 | D:2      | Reached skill level 5 in Ranged Weapons
  1404 | D:2      | Reached XP level 4. HP: 4/33 MP: 4/4
  1707 | D:3      | Identified the +8 rapier "Widowermaker" {flame, Int+5}
  1846 | D:3      | Found a glowing drain.
  1866 | Sewer    | Entered a sewer
  1889 | Sewer    | Noticed a water moccasin
  1900 | Sewer    | Killed a water moccasin
  1901 | Sewer    | Reached skill level 6 in Ranged Weapons
  1901 | Sewer    | Reached XP level 5. HP: 5/38 MP: 5/5
  2283 | D:3      | Found a bloodstained altar of Trog.
  2555 | D:3      | Gained mutation: When seriously injured, your blood forms
                  | armour. (AC +9) [demonic ancestry]
  2555 | D:3      | Reached XP level 6. HP: 41/44 MP: 6/6
  2607 | D:3      | Found Ficexaff's Antique Weapon Boutique.
  2844 | D:4      | Found a snail-covered altar of Cheibriados.
  3019 | D:4      | Reached skill level 7 in Ranged Weapons
  3394 | D:4      | Found The Oracle's Delphic Readings.
  3624 | D:4      | Found a staircase to the Ecumenical Temple.
  3670 | D:4      | Found a burning altar of Makhleb.
  3670 | D:4      | Found a shimmering altar of Xom.
  3681 | D:4      | Gained mutation: When seriously injured, your blood forms
                  | thick armour. (AC +9) [demonic ancestry]
  3681 | D:4      | Reached XP level 7. HP: 48/50 MP: 7/7
  3896 | D:5      | Entered Level 5 of the Dungeon
  3954 | D:5      | Reached skill level 8 in Ranged Weapons
  4548 | D:5      | Found a sparkling altar of Nemelex Xobeh.
  4618 | D:5      | Found Dittom's Distillery.
  4906 | D:5      | Found an opulent altar of Gozag.
  5092 | D:6      | Reached skill level 9 in Ranged Weapons
  5125 | D:6      | Gained mutation: You have a pair of small horns on your
                  | head. [demonic ancestry]
  5125 | D:6      | Reached XP level 8. HP: 44/56 MP: 8/8
  5266 | D:6      | Found an ornate altar of the Wu Jian Council.
  5309 | D:6      | Reached skill level 10 in Ranged Weapons
  5401 | D:6      | Noticed triviadave's ghost (novice HOBe)
  5405 | D:6      | Found a runed translucent door.
  5507 | D:6      | Noticed a hornet
  5515 | D:6      | Killed a hornet
  6028 | D:7      | Reached skill level 11 in Ranged Weapons
  6288 | D:7      | Found a transporter.
  6290 | D:7      | Noticed tilp's ghost (novice MeFi)
  6300 | D:7      | You fall into a shaft and drop 1 floor!
  6328 | D:8      | Reached XP level 9. HP: 61/61 MP: 9/9
  6657 | D:8      | Reached skill level 12 in Ranged Weapons
  6957 | D:8      | Noticed a two-headed ogre
  6975 | D:8      | Killed a two-headed ogre
  6976 | D:8      | Reached skill level 13 in Ranged Weapons
  7321 | D:8      | Found Basm's Gadget Gallery.
  7373 | D:8      | HP: 3/61 [poisoned by a killer bee]
  7374 | D:8      | HP: 1/61 [poisoned by a killer bee]
  7375 | D:8      | Succumbed to a killer bee's poison

Skill      XL: |  1  2  3  4  5  6  7  8  9 |
---------------+----------------------------+-----
Ranged Weapons | 4 5 6 7 9 11 13 | 13.2
Fighting       | |  2.0
Dodging        | |  1.7
Stealth        | |  0.8

Action                     |  1- 3 |  4- 6 |  7- 9 || total
---------------------------+-------+-------+-------++-------
  Melee: Rapier            |       |    12 |    53 ||    65
         Headbutt          |       |       |    10 ||    10
         Punch             |       |       |     2 ||     2
   Fire: Shortbow          |   102 |   181 |   375 ||   658
  Evoke: Wand              |       |       |     3 ||     3
    Use: Scroll            |     2 |     4 |     6 ||    12
         Potion            |     3 |     2 |     7 ||    12
 Armour: Leather armour    |    15 |     1 |       ||    16
         Scale mail        |       |    75 |   166 ||   241
  Dodge: Dodged            |    30 |    72 |   226 ||   328

Levels and vault maps discovered:
D:1:      lightli_arrival_maybe_door_vault, layout_loops_ring,
          ebering_ecumenical_altar_sacrificial, minivault_5, hex_large
D:2:      layout_basic, basic_altar, uniq_terence
D:3:      layout_basic, mainiacjoe_overflow_tiny_flanked,
          cheibrodos_sewer_entry_drain, serial_shops, shop
D:4:      layout_gridville, grunt_temple_overflow_champion_of_chaos,
          mainiacjoe_overflow_cross_hatched, minmay_temple_entry_junction,
          serial_rivers, chequers_serial_rivers_large_a,
          chequers_serial_rivers_small_a, chequers_serial_rivers_marsh,
          chequers_serial_rivers_marsh, chequers_serial_rivers_small_a,
          chequers_serial_rivers_micro_c, nicolae_nh_oracle_at_delphi
D:5:      layout_loops_corners, nicolae_overflow_crystal_walls,
          grunt_gozag_breadcrumbs, serial_shops, nicolae_shop_statue_plus,
          nicolae_nh_ransacked_shop
D:6:      layout_basic, nicolae_wu_jian_glorious_leap,
          hellmonk_ghost_happy_afterlife
D:7:      layout_basic, mainiacjoe_overflow_six_doors_small,
          gammafunk_ghost_arena, nicolae_benzene_ring
D:8:      minmay_four_partial_circles, layout_rooms, nicolae_shop_gadgets
